 Dungeon Crawl Stone Soup version 0.30-a0-1112-gfb780f5df6 (webtiles) character file.

Game seed: 18207409772574547495

317 hwolsky the Chopper (level 6, -1/56 HPs)
             Began as a Minotaur Fighter on Apr 19, 2023.
             Blown up by Ijyb (10 damage)
             ... with a mindburst bolt
             ... on level 3 of the Dungeon.
             The game lasted 00:05:34 (2058 turns).

hwolsky the Chopper (Minotaur Fighter)              Turns: 2058, Time: 00:05:35

Health: -1/56      AC:  7    Str: 23    XL:     6   Next: 20%
Magic:  5/5        EV:  9    Int:  5    God:
Gold:   114        SH:  5    Dex:  9    Spells: 5/5 levels left

rFire   . . .      SeeInvis .    a - +0 war axe
rCold   . . .      Faith    .    c - +1 buckler
rNeg    . . .      Spirit   .    b - +0 scale mail
rPois   .          Reflect  .    (helmet restricted)
rElec   .          Rampage  .    (no cloak)
rCorr   .                        (no gloves)
Will    .....                    (no boots) Stlth
                                 (no amulet)
HPRegen 0.29/turn                (no ring)
MPRegen 0.09/turn                (no ring)

@: no status effects
A: horns 2, retaliatory headbutt
a: no special abilities


You were on level 3 of the Dungeon.
You visited 1 branch of the dungeon, and saw 3 of its levels.

You collected 114 gold pieces.

Inventory:

Hand Weapons
 a - a +0 war axe (weapon)
Armour
 b - a +0 scale mail (worn)
 c - a +1 buckler (worn)
Wands
 k - a wand of paralysis (8)
Scrolls
 g - a scroll of enchant armour
 j - a scroll of vulnerability {unknown}
Potions
 d - 2 potions of might
 e - a potion of heal wounds
 f - 3 potions of curing
 h - a potion of cancellation {unknown}
 i - a potion of mutation {unknown}


   Skills:
 + Level 5.0 Fighting
 * Level 5.3 Axes
 + Level 4.9 Armour
 + Level 4.9 Shields


You had 5 spell levels left.
You didn't know any spells.
Your spell library contained the following spells:

 Spells                   Type           Power      Damage    Failure   Level
 Shock                    Conj/Air       0%         1d3       86%         1
 Ignite Poison            Fire/Tmut/Pois 0%         N/A       99%         3
 Swiftness                Air            0%         N/A       99%         3
 Airstrike                Air            0%         2d(0-16)  100%        4
 Sticky Flame             Conj/Fire      0%         2d3       100%        4
 Ignition                 Fire           0%         3d3       100%        8


Dungeon Overview and Level Annotations

Branches:
Dungeon (3/15)

Altars:

Annotations:
D:3 Ijyb


Innate Abilities, Weirdness & Mutations

You have a pair of horns on your head.
You reflexively headbutt those who attack you in melee.


Message History

The frilled lizard bites you but does no damage.
You block the frilled lizard's attack.
You closely miss the frilled lizard.
The frilled lizard bites you but does no damage.
You hit the frilled lizard.
You kill the frilled lizard!
You hear the slow rusting of a very distant drain.
You open the door.
There is an open door here.
A bat comes into view.
You block the bat's attack.
You barely miss the bat. You headbutt the bat.
You kill the bat!
Your Fighting skill increases to level 5!
There is a shaft here.
You hear the slow rusting of a very distant drain.
Ijyb and a goblin come into view.
Ijyb is wielding a +0 dagger and carrying a wand of mindburst (14).
Ijyb shouts!
The goblin shouts!
Ijyb hits you with a +0 dagger.
You hit Ijyb but do no damage.
Ijyb zaps a wand.
You barely resist. You closely miss Ijyb. Your headbutt misses Ijyb.
Ijyb zaps a wand.
Your mind is blasted!
A gnoll comes into view. It is wielding a +0 club.
The gnoll shouts!
You closely miss Ijyb. You headbutt Ijyb, but do no damage.
Ijyb hits you with a +0 dagger. Ijyb hits you but does no damage.
You hit Ijyb but do no damage.
Ijyb zaps a wand.
Your mind is blasted!
A gnoll comes into view. It is wielding a +0 whip.
The gnoll shouts!
You barely miss Ijyb. Ijyb closely misses you.
You closely miss Ijyb. Ijyb hits you with a +0 dagger.
You completely miss Ijyb. Ijyb hits you with a +0 dagger.
Ijyb zaps a wand.
Your mind is blasted!
* * * LOW HITPOINT WARNING * * *
You hit Ijyb.
Ijyb is lightly wounded.
Ijyb screams, "Me very upset!"
Ijyb zaps a wand.
Your mind is blasted!
You die...

##### #...# ###
#########.#.# #..
#.........#.# #.#
##.#########.# #g#
.#.#...# #.# #g#
...#.#.#####.# #g#
.....#.#...#.# #g#
######.##..#.###@#
#.^...#.....# .
#####.####### ..
#######.>..#
..##..........########
!.##..........'.......
..##..........########
..##...........#
#...........†..###.###


You could see Ijyb, 2 gnolls and a goblin.

Vanquished Creatures
  Sigmund (D:2)
  Jessica (D:2)
  Natasha (thrice) (D:2)
  2 adders (D:2)
  A dart slug (D:1)
  A worm (D:2)
  5 bats
  7 endoplasms
  4 giant cockroaches
  2 goblins (D:2)
  5 hobgoblins
  A quokka (D:2)
  3 ball pythons
  2 frilled lizards
  3 kobolds
  4 rats
45 creatures vanquished.

Notes
Turn   | Place    | Note
-------+----------+-------------------------------------------
     0 | D:1      | hwolsky the Minotaur Fighter began the quest for the Orb.
     0 | D:1      | Reached XP level 1. HP: 19/19 MP: 0/0
   158 | D:1      | Reached XP level 2. HP: 21/27 MP: 1/1
  1098 | D:2      | Reached XP level 3. HP: 31/33 MP: 2/2
  1145 | D:2      | Noticed Jessica
  1153 | D:2      | Killed Jessica
  1408 | D:2      | Reached XP level 4. HP: 40/40 MP: 3/3
  1482 | D:2      | Noticed Natasha
  1488 | D:2      | Killed Natasha
  1594 | D:2      | Noticed Sigmund
  1604 | D:2      | Killed Sigmund
  1605 | D:2      | Reached skill level 5 in Axes
  1605 | D:2      | Reached XP level 5. HP: 44/47 MP: 4/4
  1661 | D:2      | Noticed Natasha
  1671 | D:2      | Killed Natasha
  1672 | D:2      | Reached XP level 6. HP: 39/55 MP: 5/5
  1701 | D:2      | Noticed Natasha
  1714 | D:2      | Killed Natasha
  1984 | D:3      | Reached skill level 5 in Fighting
  2048 | D:3      | Noticed Ijyb
  2058 | D:3      | Blown up by Ijyb

Illustrated notes

Levels and vault maps discovered:
D:1:      minmay_arrival_shoal_huts, layout_basic
D:2:      layout_basic, uniq_natasha, uniq_jessica, uniq_sigmund
D:3:      minmay_bubble_buster, layout_basic, portal_sewer_entry_b,
          minmay_quadrilaterals, uniq_ijyb

Skill      XL: |  1  2  3  4  5  6 |
---------------+-------------------+-----
Axes           | 3 5 |  5.3
Fighting       | 4 5 |  5.0
Armour         | 4 |  4.9
Shields        | 4 |  4.9

Action                     |  1- 3 |  4- 6 || total
---------------------------+-------+-------++-------
  Melee: War axe           |    42 |    53 ||    95
         Headbutt          |     5 |    13 ||    18
    Use: Scroll            |     5 |       ||     5
         Potion            |       |     1 ||     1
 Armour: Scale mail        |    22 |    20 ||    42
  Dodge: Dodged            |    34 |    21 ||    55
  Block: Buckler           |    11 |    17 ||    28

Table legend: (Time is in decaauts)
 A = Elapsed time spent in this place.
 B = Non-inter-level travel time spent in this place.
 C = Inter-level travel time spent in this place.
 D = Time resting spent in this place.
 E = Time spent auto-exploring this place.
 F = Levels seen in this place.
 G = Mean time per level.
                   A        B        C        D        E       F      G
               +--------+--------+--------+--------+--------+-----+--------+
         Total |   2074 |   2019 |     55 |    100 |   1298 |   3 |  691.3 |
       Dungeon |   2074 |   2019 |     55 |    100 |   1298 |   3 |  691.3 |
               +--------+--------+--------+--------+--------+-----+--------+

Top non-repeatable levels by time:
     D:2: 966 daAuts
     D:1: 923 daAuts
     D:3: 183 daAuts
